Map: Babylon LE

Players

Rufus

  • Race: Terran Terran
  • League: Diamond
  • Spawn Location: 11:00

DinoNuggi - Winner!

  • Race: Zerg Zerg
  • League: Diamond
  • Spawn Location: 5:00

VOD

Have the link to the VOD?

Description

Time

  • Played on: July 13, 2023, 7:57 a.m.
  • Length: 25:01
Show
View Real Time Build Order
Export as new Build Order

Rufus Terran 

Build Orders: Liberator Opening, Reaper Expand 

Get SALT Encoding   

  12  0:00  SCV  
  13  0:12  SCV  
  14  0:17  Supply Depot  
  14  0:24  SCV  
  15  0:38  SCV  
  15  0:40  Barracks  
  16  0:44  Refinery  
  16  0:50  SCV  
  17  1:02  SCV  
  18  1:15  SCV  
  19  1:28  Reaper, Orbital Command  
  20  1:43  Command Center  
  20  1:49  Supply Depot  
  20  1:57  SCV  
  20  1:59  Marine  
  22  2:14  Factory, SCV  
  23  2:17  Refinery  
  23  2:24  Barracks Reactor  
  23  2:26  SCV  
  24  2:38  SCV  
  25  2:50  SCV  
  26  2:57  Orbital Command  
  26  3:03  SCV, Starport  
  27  3:08  Hellion x2  
  31  3:15  SCV  
  32  3:24  SCV  
  33  3:27  Supply Depot, SCV  
  33  3:29  Hellion x2, Barracks Tech Lab  
  38  3:52  Hellion  
  38  3:53  Hellion  
  38  3:54  Liberator  
  38  3:55  Stimpack, Marine  
  45  3:56  SCV  
  47  4:03  SCV  
  47  4:04  Supply Depot  
  48  4:11  SCV  
  48  4:13  Marine  
  49  4:27  SCV x2, Hellion x2  
  53  4:41  Starport Reactor  
  53  4:45  Barracks  
  53  4:46  SCV  
  53  4:47  SCV  
  53  4:48  Command Center  
  55  4:56  Barracks  
  55  5:01  Factory Tech Lab  
  55  5:05  Marine  
  56  5:08  SCV  
  56  5:12  Supply Depot  
  57  5:15  SCV  
  57  5:17  Refinery  
  57  5:18  Refinery  
  58  5:21  Engineering Bay x2  
  58  5:24  SCV, Marine  
  60  5:31  Siege Tank  
  57  5:39  SCV x2  
  51  5:43  Combat Shield  
  51  5:44  Marine  
  51  5:45  Marine x2  
  51  5:49  Starport Reactor  
  54  5:51  Terran Infantry Armor Level 1, SCV, Terran Infantry Weapons Level 1  
  54  5:52  SCV  
  53  5:57  Marine x2  
  53  6:02  Marine x2  
  53  6:03  SCV, Marine  
  59  6:10  Supply Depot, SCV  
  59  6:11  Supply Depot  
  60  6:15  SCV, Marine x2  
  63  6:20  Marine x3  
  63  6:22  SCV  
  67  6:26  Orbital Command  
  67  6:27  SCV  
  68  6:33  Siege Tank  
  68  6:35  SCV  
  68  6:39  SCV, Medivac x2  
  77  6:40  Barracks  
  77  6:41  Barracks  
  77  6:47  SCV  
  78  6:48  Armory  
  78  6:51  SCV  
  78  6:53  SCV  
  80  6:59  SCV  
  81  7:03  SCV  
  81  7:05  SCV, Siege Tank  
  86  7:11  SCV  
  86  7:12  Factory  
  87  7:17  Bunker  
  87  7:21  Supply Depot  
  87  7:28  Supply Depot  
  87  7:29  Marine x3  
  89  7:30  Barracks Reactor x2, Marine  
  89  7:32  Marine  
  94  7:37  Widow Mine, Terran Vehicle Weapons Level 1  
  94  7:38  SCV x3  
  94  7:40  Refinery  
  94  7:41  Refinery  
  97  7:47  Terran Infantry Armor Level 2, Terran Infantry Weapons Level 2, Marine x4  
  97  7:50  SCV x2, Marine  
  99  8:01  Widow Mine  
  99  8:03  Widow Mine  
  99  8:04  Medivac x2  
  99  8:05  SCV, Marine x4  
  110  8:08  Marine  
  113  8:23  Marine  
  113  8:27  Marine  
  113  8:28  Marine  
  113  8:29  Widow Mine  
  117  8:40  Supply Depot  
  117  8:42  Supply Depot  
  117  8:51  SCV, Marine  
  117  8:52  Marine, Barracks x2  
  117  8:54  Widow Mine, SCV x2, Marine, Barracks  
  103  9:03  Factory Tech Lab  
  103  9:04  SCV  
  103  9:05  Sensor Tower  
  103  9:06  SCV x2  
  106  9:16  SCV  
  107  9:18  SCV x2  
  107  9:20  Widow Mine, Marine x6  
  107  9:21  Marine x2  
  107  9:22  Medivac  
  107  9:23  Medivac  
  123  9:25  Supply Depot  
  123  9:26  Supply Depot x2, Command Center  
  123  9:28  Supply Depot, SCV  
  123  9:30  SCV  
  125  9:36  Missile Turret  
  125  9:39  Sensor Tower  
  125  9:41  Widow Mine  
  125  9:44  Marine x4  
  123  9:59  Barracks Tech Lab x3  
  123  10:02  SCV x2  
  119  10:16  Command Center, Medivac x2  
  119  10:17  Marauder  
  119  10:18  Marauder x2, Marine x5  
  119  10:19  Terran Infantry Weapons Level 3, Siege Tank x2  
  140  10:26  SCV x2  
  142  10:42  Marauder x3, Marine x4  
  150  10:48  SCV x2  
  154  10:50  SCV  
  154  10:51  Siege Tank x2  
  117  11:15  Barracks  
  115  11:23  Marauder x2  
  115  11:24  Terran Vehicle Weapons Level 2, Terran Infantry Armor Level 3  
  121  11:26  Marauder  
  121  11:36  Medivac x2  
  121  11:37  Marine x2  
  121  11:38  Marine x4, Siege Tank  
  121  11:39  Siege Tank  
  136  11:40  SCV x2  
  136  11:44  Marauder  
  136  11:45  Marauder  
  143  11:47  Marauder  
  143  11:49  Command Center  
  143  11:55  Marine x2  
  143  11:58  SCV x2  
  143  11:59  SCV  
  148  12:06  Marauder x2  
  154  12:08  Marauder  
  154  12:10  SCV x2  
  154  12:11  Widow Mine, SCV  
  159  12:16  Marine x3  
  157  12:27  Marauder x2  
  157  12:28  Widow Mine, SCV x2  
  165  12:32  Supply Depot  
  165  12:33  Supply Depot  
  165  12:35  Supply Depot  
  165  12:39  Liberator x2, Command Center, Marauder  
  173  12:54  Marauder, SCV x3  
  173  12:57  Siege Tank x2  
  184  13:01  Planetary Fortress  
  184  13:06  SCV x3  
  187  13:19  Missile Turret  
  185  13:20  Sensor Tower, Missile Turret  
  185  13:30  Marauder x3  
  188  13:40  Orbital Command  
  178  13:51  Marauder  
  175  13:58  Marauder x2  
  175  13:59  Marine  
  180  14:09  Factory Tech Lab, Medivac x2  
  179  14:10  Marine  
  179  14:11  Marine x2  
  179  14:12  Marauder, Neosteel Armor  
  179  14:15  Hi-Sec Auto Tracking  
  179  14:17  SCV  
  186  14:20  Marauder x2  
  186  14:22  Orbital Command  
  189  14:25  Refinery  
  189  14:27  Refinery  
  189  14:28  Factory, Command Center  
  189  14:31  SCV x2, Missile Turret  
  190  14:34  Marauder, Missile Turret  
  190  14:38  Missile Turret  
  193  14:39  Missile Turret  
  193  14:41  Marauder  
  193  14:43  Liberator  
  193  14:44  Marauder  
  200  14:46  Barracks Tech Lab  
  142  15:28  Marauder x4  
  139  15:49  Marauder  
  141  15:55  Orbital Command  
  131  15:58  Marauder x3, Marine x2  
  108  16:26  Marine  
  108  16:28  Marauder x3  
  109  16:37  Marauder, Marine x2  
  109  16:38  SCV x2  
  109  16:39  SCV  
  116  16:49  Marauder x3  
  116  16:50  SCV x2  
  116  16:51  SCV  
  122  16:55  Marine  
  122  16:56  Marine x3  
  122  16:57  Missile Turret  
  122  16:58  Marauder  
  128  17:07  Marine x2, Siege Tank x2  
  136  17:08  Factory Tech Lab  
  136  17:10  Marauder, SCV  
  136  17:11  Marauder x2  
  143  17:17  Liberator  
  143  17:18  Liberator  
  143  17:20  Marauder  
  151  17:32  Marauder x3  
  157  17:39  Siege Tank  
  157  17:41  Marauder  
  140  18:00  Liberator  
  117  18:20  SCV  
  118  18:32  Command Center  
  118  18:37  Marauder x2, Siege Tank x2  
  118  18:38  Marine x8, Siege Tank  
  118  18:39  Marine x2  
  118  18:40  Command Center, SCV x2  
  143  18:44  Orbital Command  
  143  18:56  Marine x4  
  147  19:03  Missile Turret  
  147  19:04  Marauder x2, Marine, Missile Turret  
  147  19:05  Missile Turret, Marine x4  
  156  19:10  SCV x2  
  156  19:13  Refinery  
  156  19:15  Marauder, Marine  
  161  19:23  Marauder  
  163  19:27  Marauder x2, Marine  
  150  20:14  Terran Vehicle Weapons Level 3  
  150  20:15  Viking  
  150  20:16  Viking  
  150  20:18  Marauder x4, Marine x2  
  147  20:45  Viking  
  131  21:09  Marauder  
  131  21:10  Siege Tank x2  
  118  21:33  Marauder  
  118  21:34  Marauder x2, Marine x4  
  126  21:44  Marauder  
  109  21:55  Marauder x2  
  109  21:57  Marauder  
  98  22:05  Marauder  
  93  22:08  Marine x3  
  93  22:13  Marine x3  
  91  22:16  Marauder x2  
  91  22:18  Marauder  
  85  22:22  Planetary Fortress  
  85  22:26  Marauder  
  78  22:34  Marine  
  78  22:35  Marine x3  
  69  22:38  Marauder x2  
  69  22:39  Marauder  
  69  22:40  Marine  
  69  22:41  Marine  
  68  22:48  Marauder  
  66  22:53  Marine x3  
  66  22:58  SCV x2  
  68  22:59  Marauder x2  
  68  23:01  Marauder  
  68  23:02  SCV  
  75  23:09  Marauder  
  75  23:10  SCV x2  
  79  23:14  SCV  
  79  23:18  Missile Turret  
  80  23:20  Marauder  
  80  23:21  Marauder  
  80  23:22  Marauder, Planetary Fortress  
  80  23:25  Medivac  
  88  23:30  Marauder  
  79  23:42  Marauder  
  69  23:58  Orbital Command  
  69  24:07  Marauder, Marine  
  69  24:08  Marauder x2, Marine x3  
  79  24:11  Command Center  
  79  24:15  SCV  
  80  24:27  SCV  
  80  24:28  SCV  
  82  24:37  SCV  
  83  24:40  SCV x2, Marine x3  
Show
View Real Time Build Order
Export as new Build Order

DinoNuggi Zerg - Winner!

Build Orders: Hatch First 

Get SALT Encoding   

  12  0:00  Drone  
  13  0:12  Overlord  
  13  0:16  Drone  
  14  0:30  Drone x2  
  14  0:35  Drone  
  17  0:53  Hatchery  
  17  0:55  Drone  
  17  0:59  Drone  
  18  1:09  Extractor  
  17  1:15  Spawning Pool  
  17  1:17  Drone  
  17  1:20  Drone  
  18  1:27  Drone  
  19  1:40  Drone  
  20  2:04  Zergling x4  
  20  2:06  Queen x2  
  26  2:14  Extractor  
  25  2:19  Hatchery  
  25  2:25  Metabolic Boost  
  25  2:32  Spore Crawler  
  24  2:39  Drone x4  
  28  2:48  Overlord x2  
  29  3:04  Overlord  
  29  3:07  Drone x3  
  29  3:12  Drone  
  33  3:13  Queen  
  35  3:21  Drone  
  35  3:23  Drone  
  35  3:26  Drone  
  35  3:27  Drone x2  
  40  3:55  Queen x3  
  41  3:57  Drone x7  
  41  3:58  Zergling x2  
  41  3:59  Zergling x2  
  41  4:02  Zergling x2  
  55  4:17  Zergling x8  
  58  4:26  Overlord  
  58  4:27  Overlord  
  57  4:44  Queen x2  
  61  4:46  Overlord x2  
  61  4:48  Lair  
  61  4:49  Drone  
  61  4:50  Drone x7  
  61  4:51  Drone x2  
  71  5:00  Drone x3, Baneling Nest  
  71  5:01  Evolution Chamber  
  71  5:06  Zergling x2  
  71  5:07  Zergling x6  
  76  5:08  Drone  
  76  5:09  Drone x2  
  79  5:14  Drone x3  
  79  5:15  Drone  
  80  5:21  Spore Crawler  
  69  5:37  Drone x12  
  84  5:50  Drone x4  
  84  5:55  Hatchery  
  83  6:00  Extractor  
  83  6:02  Extractor  
  81  6:04  Extractor  
  80  6:15  Extractor  
  80  6:16  Evolution Chamber  
  80  6:17  Drone  
  80  6:18  Drone x7  
  84  6:19  Hydralisk Den, Drone x2  
  84  6:21  Queen  
  84  6:22  Extractor  
  84  6:24  Queen  
  90  6:26  Overlord  
  90  6:29  Overlord x2  
  90  6:41  Centrifugal Hooks  
  90  6:45  Overlord x3  
  90  6:58  Zergling x12  
  90  6:59  Zergling x8  
  100  7:03  Zerg Melee Weapons Level 1  
  100  7:09  Grooved Spines  
  100  7:10  Spore Crawler  
  100  7:12  Zerg Ground Armor Level 1  
  100  7:13  Zergling x8  
  103  7:21  Overseer  
  103  7:26  Zergling x8  
  103  7:27  Zergling x12  
  113  7:32  Infestation Pit  
  112  7:51  Extractor  
  112  7:53  Extractor  
  112  7:54  Hydralisk x8  
  113  8:01  Baneling x2  
  113  8:02  Baneling x3  
  113  8:03  Zergling x2, Hatchery  
  113  8:04  Zergling x16  
  122  8:05  Zergling x2  
  122  8:06  Zergling x2  
  122  8:10  Overseer  
  123  8:15  Hive  
  123  8:17  Drone x3  
  123  8:18  Drone x3  
  123  8:19  Drone  
  130  8:26  Baneling  
  128  8:27  Baneling x7  
  128  8:36  Queen  
  130  8:43  Zergling x12  
  114  8:59  Zergling x14  
  114  9:00  Zergling x18  
  114  9:02  Baneling x10  
  129  9:07  Zerg Melee Weapons Level 2, Muscular Augments  
  129  9:09  Zerg Ground Armor Level 2  
  129  9:14  Evolution Chamber  
  128  9:28  Hatchery  
  128  9:31  Zergling x22  
  128  9:32  Zergling x4  
  124  9:58  Hydralisk x5  
  124  9:59  Hydralisk x5  
  142  10:03  Overlord x2  
  138  10:08  Ultralisk Cavern  
  137  10:16  Spore Crawler  
  137  10:20  Zergling x2  
  137  10:21  Zergling x10  
  142  10:23  Baneling  
  142  10:24  Baneling x18  
  142  10:27  Zerg Missile Weapons Level 1  
  142  10:37  Drone x9  
  142  10:42  Overlord x2  
  127  11:14  Zergling x24  
  127  11:15  Zergling x26  
  140  11:22  Ultralisk  
  137  11:40  Baneling  
  137  11:41  Baneling x19  
  137  11:44  Drone x4  
  137  11:45  Drone x6  
  137  11:46  Drone x3  
  150  12:06  Hatchery  
  147  12:12  Ultralisk x2  
  158  12:29  Zerg Ground Armor Level 3  
  158  12:32  Zerg Melee Weapons Level 3  
  158  12:34  Zerg Missile Weapons Level 2  
  158  12:35  Chitinous Plating  
  158  12:41  Spore Crawler  
  157  12:49  Overlord x3  
  157  12:50  Zergling x16  
  165  12:59  Extractor  
  165  13:00  Extractor  
  165  13:02  Drone  
  165  13:03  Drone x3  
  165  13:04  Drone  
  168  13:13  Hatchery  
  145  13:43  Zergling x28  
  145  13:44  Zergling x38  
  172  13:53  Anabolic Synthesis  
  170  13:56  Zergling x10  
  170  13:57  Zergling x4  
  177  14:04  Hatchery  
  177  14:05  Adrenal Glands  
  177  14:08  Viper x5  
  189  14:12  Baneling  
  189  14:13  Baneling x14  
  153  15:06  Zergling x2  
  144  15:07  Zergling x46  
  95  15:36  Ultralisk x5  
  95  15:41  Drone x6  
  95  15:42  Drone  
  131  15:44  Baneling x3  
  131  15:45  Baneling x11  
  129  15:53  Hydralisk x4  
  131  16:13  Hatchery  
  126  16:25  Zergling x2  
  111  16:26  Zergling x22  
  111  16:29  Spore Crawler  
  111  16:30  Spore Crawler  
  118  16:35  Zergling x2  
  118  16:36  Zergling x2  
  120  16:51  Drone x6  
  126  16:56  Drone x2  
  126  16:59  Drone  
  129  17:02  Drone  
  130  17:09  Drone x2  
  132  17:26  Drone x6  
  107  18:02  Zergling x2  
  107  18:03  Zergling x34  
  113  18:31  Baneling x11  
  113  18:38  Hatchery  
  112  18:48  Viper x2  
  118  18:56  Overseer  
  118  19:13  Hatchery  
  115  19:47  Zergling x2  
  115  19:48  Zergling x28  
  124  20:09  Hydralisk x5  
  134  20:18  Drone x3  
  134  20:19  Drone  
  138  20:26  Baneling x5  
  138  20:27  Baneling  
  138  20:33  Ultralisk  
  118  20:51  Hydralisk  
  118  20:52  Hydralisk x6  
  118  20:55  Zergling x4  
  118  20:56  Zergling x2  
  135  21:03  Viper x2  
  135  21:04  Viper  
  135  21:25  Zergling x20  
  131  21:30  Pneumatized Carapace  
  134  21:50  Hatchery  
  134  21:52  Zergling x2  
  134  21:53  Zergling x14  
  122  22:00  Hydralisk  
  122  22:01  Hydralisk x3  
  84  22:36  Hydralisk x11  
  84  22:37  Hydralisk  
  90  22:54  Zergling x8  
  90  23:04  Ultralisk x4  
  115  23:12  Zergling x2  
  115  23:13  Zergling x6  
  115  23:15  Zergling x2  
  115  23:17  Zergling x2  
  120  23:24  Zergling x10, Hatchery  
  107  23:49  Zergling x22  
  99  23:56  Zergling x2, Ultralisk x2  
  99  23:57  Zergling x4  
  99  23:58  Baneling  
  99  23:59  Baneling x8  
  114  24:09  Zergling x2  
  118  24:10  Zergling x12  
  118  24:11  Zergling x2  
  122  24:25  Viper x2  
  122  24:26  Viper x2  
  122  24:28  Baneling  
  122  24:29  Baneling x16  
  122  24:31  Zergling x4  
  136  24:36  Hydralisk x2  
Tags
 
Add a new tag
Caveats
  • Supply blocks, unpowered buildings, or Contaminate may cause inaccurate times.
  • Supply counts are checked every 10 seconds.